 Dungeon Crawl Stone Soup version 0.25.1-8-g42b30a86e7 (webtiles) character file.

Game seed: 16190866319750937359

24 JohnSpartan the Caller (level 2, 0/19 HPs)
             Began as a Mummy Summoner on Dec 21, 2020.
             Slain by an adder (2 damage)
             ... on level 1 of the Dungeon.
             The game lasted 00:13:14 (2111 turns).

JohnSpartan the Caller (Mummy Summoner)             Turns: 2111, Time: 00:13:14

Health: 0/19       AC:  2    Str: 11    XL:     2   Next: 79%
Magic:  1/6        EV: 12    Int: 14    God:
Gold:   47         SH:  0    Dex: 12    Spells: 4/7 levels left

rFire    x . .     SeeInvis .   b - +0 club
rCold    + . .     Gourm    .   (no shield)
rNeg     + + +     Faith    .   a - +0 robe
rPois    ∞         Spirit   .   (no helmet)
rElec    .         Reflect  .   (no cloak)
rCorr    .         Harm     .   (no gloves)
MR       .....                  (no boots)
Stlth    ++........             (no amulet)
HPRegen  0.06/turn              (no ring)
MPRegen  0.10/turn              (no ring)

@: no status effects
A: no food or potions, fire vulnerability, cold resistance 1, negative energy
resistance 3, torment resistance, unbreathing
a: no special abilities


You were on level 1 of the Dungeon.
You were not hungry.

You visited 1 branch of the dungeon, and saw 2 of its levels.

You collected 47 gold pieces.

Inventory:

Hand Weapons
 b - a +0 club (weapon)
 d - a +0 dagger
 g - a +0 short sword
 i - a +0 short sword
Armour
 a - a +0 robe (worn)
 c - a +0 robe
 e - a +0 robe
Scrolls
 h - 2 scrolls of remove curse {unknown}


   Skills:
 + Level 0.3 Fighting
 + Level 1.6 Dodging
 + Level 1.6 Stealth
 + Level 3.1 Spellcasting
 + Level 3.7 Summonings


You had 4 spell levels left.
You knew the following spells:

 Your Spells              Type           Power        Failure   Level  Hunger
a - Summon Small Mammal   Summ           ##..         4%          1    N/A
b - Call Imp              Summ           ##......     7%          2    N/A

Your spell library contained the following spells:

 Spells                   Type           Power        Failure   Level  Hunger
 Call Canine Familiar     Summ           ##......     14%         3    N/A
 Summon Guardian Golem    Hex/Summ       #.......     30%         3    N/A
 Summon Ice Beast         Ice/Summ       #.......     69%         4    N/A
 Summon Lightning Spire   Summ/Air       #.......     69%         4    N/A

Dungeon Overview and Level Annotations

Branches:
Dungeon (2/15)

Altars:


Innate Abilities, Weirdness & Mutations

You do not eat or drink.
Your flesh is vulnerable to fire.
You are immune to poison.
Your flesh is cold resistant. (rC+)
You are immune to negative energy. (rN+++)
You are immune to unholy pain and torment.
You can survive without breathing.


Message History

* * * LOW HITPOINT WARNING * * *
Unknown command.
You swap places.
The adder closely misses your rat.
Your rat misses the adder. The adder closely misses your rat.
Your rat barely misses the adder.
The adder bites your rat.
Your rat dies!
Your rat's corpse disappears in a puff of smoke!
Firing (i - inventory) No suitable missiles.
Press: ? - help, Shift-Dir - straight line, f - adder
Aim: an adder (severely wounded)
Okay, then.
Firing (i - inventory) No suitable missiles.
Press: ? - help, Shift-Dir - straight line, f/p - adder
Aim: an adder (severely wounded)
Okay, then.
Casting: Summon Small Mammal (safe; 4% risk of failure)
Confirm with . or Enter, or press ? or * to list all spells.
A beastly little devil appears in a puff of flame.
The adder bites you.
You die...

.............######
.#....#...........#
.##.#.#.#......##.#
.##...#......!.##.#
.##.......#.......##
.##...#............#
.##....#.##.#.#....#
.##................#
.####.....#...#.@..#
#.# #...........S..###
.## #####...#####....#
## ####.....#..5...#
.#####............#..#
....>....##...#...#..##
.#####.#..#....#.###..#
## ##≈...........#...#
# #P≈≈≈P........#...#


You could see an adder and a friendly crimson imp (summoned).

Vanquished Creatures
  A dart slug (D:1)
  A hobgoblin (D:1)
  A kobold (D:1)
  A frilled lizard (D:1)
  A rat (D:1)
5 creatures vanquished.

Vanquished Creatures (collateral kills)
  2 leopard geckos
  A giant cockroach (D:1)
  A goblin (D:1)
  A hobgoblin (D:1)
  2 jackals (D:2)
  3 bats (D:1)
  8 frilled lizards
  2 kobolds (D:1)
  4 rats (D:1)
24 creatures vanquished.

Grand Total: 29 creatures vanquished

Notes
Turn   | Place    | Note
-------+----------+-------------------------------------------
     0 | D:1      | JohnSpartan the Mummy Summoner began the quest for the Orb.
     0 | D:1      | Reached XP level 1. HP: 13/13 MP: 4/4
   869 | D:1      | Reached XP level 2. HP: 17/19 MP: 5/5
  2063 | D:2      | Learned a level 2 spell: Call Imp
  2111 | D:1      | Slain by an adder

Illustrated notes

Levels and vault maps discovered:
D:1:      nicolae_arrival_somewhat_less_tricky_arrival, layout_loops_ring,
          minmay_misc_feat_nine_boxes, serial_bayou_pond_d,
          hangedman_decor_lopped, minmay_lizard_king
D:2:      layout_loops_ring

Skill      XL: |  1  2 |
---------------+-------+-----
Spellcasting   | 3 |  3.1
Fighting       | |  0.3
Dodging        | |  1.6
Stealth        | |  1.6
Summonings     | |  3.7

Action                   || total
-------------------------++-------
Melee: Club              ||    26
       Unarmed           ||     8
 Cast: Summon Small Mamm ||    28
       Call Imp          ||     3
  Use: Scroll            ||     3
Armor: Robe              ||     6
Dodge: Dodged            ||    34
